General information
- name: BNet
- type: Ladder team game (AT/RT)
- host: Battle.net
- saver: WOLFPACK
map: MarketSquare
- players: 8
- length: 75:54
- speed: Fast
- version: 1.28 W3XP
- replay type: Public
» download(666 KB)
Players
team 1 (loser)

»
wolfblade13 (
blue | 69 APM | 4569 actions | 65:49)
7 Tauren Chieftain
3 War Stomp
3 Endurance Aura
1 Reincarnation
6 Shadow Hunter
3 Hex
3 Healing Wave
6 Pandaren Brewmaster
3 Breath of Fire
1 Drunken Haze
1 Drunken Brawler
1 Storm Earth and Fire
» actions
| Assign group hotkey | 48 | |
| Basic commands | 349 | |
| Build / train | 137 | |
| ESC pressed | 20 | |
| Enter build submenu | 103 | |
| Enter hero's abilities submenu | 19 | |
| Give item / drop item | 2 | |
| Right click | 1385 | |
| Select / deselect | 1376 | |
| Select group hotkey | 786 | |
| Use ability | 344 | |
4569 total
» units
| Peon | 25 | |
| Grunt | 5 | |
| Shaman | 9 | |
| Tauren | 11 | |
| Troll Batrider | 11 | |
| Troll Witch Doctor | 6 | |
| Spirit Walker | 2 | |
69 total
» upgrades
| Armor | 3 | |
| Shaman Training | 2 | |
| Reinforced Defenses | 1 | |
| Pulverize | 1 | |
| Melee Weapons | 3 | |
| Witch Doctor Training | 2 | |
| Spiked Barricades | 2 | |
| Spirit Walker Training | 2 | |
16 total
» buildings
| Orc Burrow | 15 | |
| Altar of Storms | 3 | |
| Barracks | 1 | |
| Voodoo Lounge | 1 | |
| Stronghold | 3 | |
| Great Hall | 4 | |
| War Mill | 4 | |
| Spirit Lodge | 2 | |
| Fortress | 1 | |
| Watch Tower | 59 | |
| Tauren Totem | 2 | |
| Beastiary | 2 | |
97 total
» build order
00:22 Orc Burrow
00:38 Altar of Storms
00:55 Barracks
01:10 Orc Burrow
01:15 Orc Burrow
01:57 Voodoo Lounge
04:04 Stronghold
05:01 Great Hall
05:05 Orc Burrow
06:21 Orc Burrow
06:24 War Mill
07:30 Spirit Lodge
08:13 Fortress
09:03 Spirit Lodge
09:19 Watch Tower
09:21 Orc Burrow
10:27 Watch Tower
10:35 Tauren Totem
10:38 Tauren Totem
12:46 Beastiary
14:39 Orc Burrow
14:43 Orc Burrow
15:52 Watch Tower
16:12 Watch Tower
16:15 Beastiary
16:18 Watch Tower
23:20 Watch Tower
26:56 Watch Tower
26:57 Watch Tower
27:31 Orc Burrow
28:40 Watch Tower
28:42 Watch Tower
31:19 Watch Tower
33:07 Great Hall
33:10 Watch Tower
33:11 Watch Tower
33:12 Watch Tower
33:13 Watch Tower
33:15 Watch Tower
37:20 Great Hall
37:22 Watch Tower
37:24 Watch Tower
38:46 Watch Tower
38:47 Watch Tower
38:50 Watch Tower
38:52 Watch Tower
38:54 Watch Tower
38:56 Watch Tower
42:22 Great Hall
42:23 Watch Tower
43:57 Watch Tower
43:58 Watch Tower
43:59 Watch Tower
44:00 Watch Tower
44:01 Watch Tower
44:03 Watch Tower
45:00 Orc Burrow
45:09 Orc Burrow
45:13 Watch Tower
45:16 Orc Burrow
46:00 Watch Tower
47:26 Orc Burrow
47:38 Watch Tower
47:54 Orc Burrow
48:05 Watch Tower
48:10 Watch Tower
49:34 Watch Tower
49:35 Watch Tower
51:21 Altar of Storms
51:24 Watch Tower
51:26 Watch Tower
51:28 Watch Tower
52:36 Stronghold
55:17 War Mill
55:53 War Mill
56:01 War Mill
57:47 Watch Tower
57:48 Watch Tower
57:49 Watch Tower
57:50 Watch Tower
57:51 Watch Tower
57:53 Watch Tower
57:54 Watch Tower
58:25 Watch Tower
59:17 Watch Tower
59:18 Watch Tower
59:20 Watch Tower
59:56 Watch Tower
60:00 Watch Tower
60:36 Watch Tower
60:39 Watch Tower
61:11 Watch Tower
61:14 Watch Tower
61:16 Watch Tower
61:23 Stronghold
62:59 Altar of Storms
64:52 Orc Burrow
» items
| Healing Salve | 3 | |
| Lesser Clarity Potion | 4 | |
| Scroll of Town Portal | 9 | |
| Orb of Lightning | 2 | |
| Potion of Healing | 3 | |
| Potion of Mana | 2 | |
| Boots of Speed | 1 | |
24 total
CarryMeMore (
orange | 22 APM | 1535 actions | 70:38)
10 Blademaster
3 Wind Walk
3 Critical Strike
1 Bladestorm
3 Mirror Image
» actions
| Basic commands | 3 | |
| Build / train | 69 | |
| Enter build submenu | 23 | |
| Enter hero's abilities submenu | 10 | |
| Give item / drop item | 1 | |
| Right click | 961 | |
| Select / deselect | 344 | |
| Use ability | 124 | |
1535 total
» units
| Peon | 16 | |
| Wind Rider | 7 | |
| Troll Batrider | 16 | |
39 total
» upgrades
» buildings
| Altar of Storms | 1 | |
| Orc Burrow | 8 | |
| Voodoo Lounge | 1 | |
| Stronghold | 1 | |
| Beastiary | 3 | |
| War Mill | 1 | |
| Great Hall | 4 | |
19 total
» build order
00:07 Altar of Storms
00:10 Orc Burrow
00:23 Voodoo Lounge
02:22 Stronghold
02:43 Orc Burrow
03:37 Orc Burrow
04:32 Orc Burrow
04:51 Beastiary
04:54 Beastiary
08:07 Orc Burrow
09:58 War Mill
10:50 Great Hall
16:48 Beastiary
16:52 Orc Burrow
18:40 Great Hall
19:22 Great Hall
23:29 Orc Burrow
25:22 Great Hall
47:25 Orc Burrow
» items
| Healing Salve | 3 | |
| Lesser Clarity Potion | 3 | |
| Boots of Speed | 1 | |
| Staff of Teleportation | 1 | |
| Scroll of Town Portal | 2 | |
| Potion of Healing | 3 | |
| Potion of Mana | 1 | |
| Orb of Lightning | 1 | |
15 total
Bluntman54 (
red | 47 APM | 2717 actions | 57:59)
5 Death Knight
3 Death Coil
2 Unholy Aura
4 Lich
2 Frost Nova
2 Frost Armor
» actions
| Assign group hotkey | 68 | |
| Basic commands | 7 | |
| Build / train | 88 | |
| Enter build submenu | 28 | |
| Enter hero's abilities submenu | 9 | |
| Right click | 1872 | |
| Select / deselect | 495 | |
| Select group hotkey | 43 | |
| Use ability | 107 | |
2717 total
» units
| Acolyte | 16 | |
| Ghoul | 3 | |
| Crypt Fiend | 31 | |
| Obsidian Statue | 10 | |
60 total
» upgrades
| Creature Attack | 2 | |
| Creature Carapace | 2 | |
| Web | 1 | |
5 total
» buildings
| Ziggurat | 10 | |
| Altar of Darkness | 1 | |
| Crypt | 2 | |
| Graveyard | 1 | |
| Tomb of Relics | 1 | |
| Halls of the Dead | 1 | |
| Spirit Tower | 6 | |
| Slaughterhouse | 2 | |
| Black Citadel | 1 | |
25 total
» build order
00:19 Ziggurat
00:30 Altar of Darkness
01:01 Crypt
01:07 Graveyard
01:21 Ziggurat
01:56 Tomb of Relics
02:21 Crypt
03:25 Ziggurat
05:20 Halls of the Dead
05:35 Ziggurat
07:09 Spirit Tower
07:39 Spirit Tower
09:57 Ziggurat
10:24 Ziggurat
10:30 Ziggurat
11:01 Slaughterhouse
11:34 Slaughterhouse
17:38 Spirit Tower
26:57 Ziggurat
29:01 Spirit Tower
36:04 Ziggurat
36:07 Ziggurat
38:35 Black Citadel
38:56 Spirit Tower
40:24 Spirit Tower
» items
| Rod of Necromancy | 1 | |
| Circlet of Nobility | 1 | |
| Potion of Healing | 1 | |
| Scroll of Town Portal | 1 | |
4 total
Heads_Will_Roll (
green | 73 APM | 5346 actions | 72:48)
10 Blademaster
3 Wind Walk
3 Critical Strike
1 Bladestorm
3 Mirror Image
» actions
| Assign group hotkey | 57 | |
| Basic commands | 566 | |
| Build / train | 120 | |
| Enter build submenu | 70 | |
| Enter hero's abilities submenu | 10 | |
| Give item / drop item | 4 | |
| Remove unit from queue | 14 | |
| Right click | 2098 | |
| Select / deselect | 732 | |
| Select group hotkey | 1377 | |
| Use ability | 297 | |
5346 total
» units
| Peon | 21 | |
| Grunt | 4 | |
| Troll Batrider | 12 | |
| Wind Rider | 19 | |
| Demolisher | 6 | |
62 total
» upgrades
| Reinforced Defenses | 1 | |
| Armor | 3 | |
| Ranged Weapons | 3 | |
| Troll Regeneration | 1 | |
| Liquid Fire | 1 | |
| Pillage | 1 | |
| Melee Weapons | 3 | |
| Ensnare | 1 | |
| Envenomed Spears | 1 | |
| Burning Oil | 1 | |
16 total
» buildings
| Orc Burrow | 8 | |
| Altar of Storms | 1 | |
| Barracks | 3 | |
| Voodoo Lounge | 2 | |
| Stronghold | 1 | |
| War Mill | 2 | |
| Great Hall | 2 | |
| Watch Tower | 60 | |
| Fortress | 1 | |
| Beastiary | 6 | |
86 total
» build order
00:12 Orc Burrow
00:48 Orc Burrow
01:11 Altar of Storms
01:14 Barracks
02:16 Voodoo Lounge
02:50 Stronghold
04:54 War Mill
05:11 Great Hall
05:18 Orc Burrow
06:37 Watch Tower
06:37 Watch Tower
06:37 Watch Tower
06:38 Watch Tower
08:16 Fortress
08:55 Watch Tower
08:56 Watch Tower
08:58 Watch Tower
08:59 Watch Tower
09:14 War Mill
10:13 Watch Tower
10:13 Watch Tower
10:40 Watch Tower
10:41 Watch Tower
10:41 Watch Tower
10:42 Watch Tower
10:46 Watch Tower
11:50 Beastiary
11:52 Beastiary
13:42 Beastiary
13:45 Beastiary
16:13 Watch Tower
16:13 Watch Tower
16:15 Watch Tower
16:15 Watch Tower
17:25 Watch Tower
17:25 Watch Tower
17:27 Watch Tower
17:28 Watch Tower
23:17 Great Hall
23:18 Watch Tower
23:19 Watch Tower
23:19 Watch Tower
23:19 Watch Tower
23:20 Watch Tower
23:21 Watch Tower
23:21 Watch Tower
23:22 Watch Tower
23:22 Watch Tower
23:23 Watch Tower
24:56 Watch Tower
24:56 Watch Tower
24:57 Watch Tower
24:57 Watch Tower
24:58 Watch Tower
25:03 Voodoo Lounge
27:22 Watch Tower
27:24 Watch Tower
35:40 Orc Burrow
35:41 Orc Burrow
35:42 Orc Burrow
35:45 Orc Burrow
35:46 Orc Burrow
35:47 Watch Tower
35:47 Watch Tower
35:48 Watch Tower
35:49 Watch Tower
35:49 Watch Tower
35:50 Watch Tower
35:57 Watch Tower
35:57 Watch Tower
35:57 Watch Tower
36:00 Watch Tower
36:00 Watch Tower
36:01 Watch Tower
36:08 Watch Tower
36:09 Watch Tower
36:09 Watch Tower
36:10 Watch Tower
36:10 Watch Tower
37:03 Beastiary
37:04 Beastiary
41:02 Watch Tower
41:03 Watch Tower
41:03 Watch Tower
59:41 Barracks
60:00 Barracks
» items
| Healing Salve | 2 | |
| Boots of Speed | 1 | |
| Staff of Teleportation | 2 | |
| Periapt of Vitality | 1 | |
| Dust of Appearance | 2 | |
| Potion of Healing | 1 | |
| Potion of Mana | 1 | |
| Lesser Clarity Potion | 1 | |
| Scroll of Town Portal | 3 | |
| Orb of Lightning | 1 | |
15 total
team 2 (winner)
vinamilk (
teal | 58 APM | 2389 actions | 41:22)
4 Archmage
2 Summon Water Elemental
1 Brilliance Aura
1 Blizzard
2 Blood Mage
1 Flame Strike
1 Banish
» actions
| Assign group hotkey | 19 | |
| Basic commands | 7 | |
| Build / train | 115 | |
| Enter build submenu | 33 | |
| Enter hero's abilities submenu | 6 | |
| Give item / drop item | 2 | |
| Remove unit from queue | 2 | |
| Right click | 958 | |
| Select / deselect | 696 | |
| Select group hotkey | 433 | |
| Use ability | 118 | |
2389 total
» units
| Peasant | 26 | |
| Footman | 11 | |
| Gryphon Rider | 9 | |
| Spell Breaker | 2 | |
| Dragonhawk Rider | 3 | |
| Rifleman | 1 | |
52 total
» upgrades
| Swords | 2 | |
| Masonry | 2 | |
| Armor | 2 | |
| Lumber Harvesting | 1 | |
| Storm Hammers | 1 | |
| Animal War Training | 1 | |
| Cloud | 1 | |
| Control Magic | 1 | |
| Magic Sentry | 1 | |
| Long Rifles | 1 | |
13 total
» buildings
| Farm | 16 | |
| Barracks | 2 | |
| Altar of Kings | 1 | |
| Scout Tower | 20 | |
| Arcane Vault | 1 | |
| Arcane Tower | 5 | |
| Lumber Mill | 1 | |
| Town Hall | 1 | |
| Guard Tower | 7 | |
| Blacksmith | 2 | |
| Keep | 2 | |
| Castle | 1 | |
| Gryphon Aviary | 5 | |
| Arcane Sanctum | 2 | |
66 total
» build order
00:22 Farm
00:22 Farm
00:22 Farm
01:22 Barracks
01:37 Altar of Kings
01:41 Scout Tower
01:47 Farm
02:02 Arcane Vault
02:17 Arcane Tower
03:45 Lumber Mill
05:15 Town Hall
05:17 Scout Tower
05:18 Scout Tower
05:18 Scout Tower
05:54 Guard Tower
05:54 Guard Tower
06:19 Blacksmith
07:15 Keep
07:15 Keep
07:21 Scout Tower
07:22 Scout Tower
07:23 Scout Tower
07:24 Scout Tower
07:42 Farm
07:42 Farm
07:43 Farm
07:45 Scout Tower
07:46 Scout Tower
08:50 Guard Tower
09:11 Scout Tower
09:52 Castle
10:01 Scout Tower
10:02 Scout Tower
10:04 Farm
10:04 Farm
10:06 Farm
10:37 Arcane Tower
10:38 Arcane Tower
10:40 Farm
10:40 Farm
10:58 Gryphon Aviary
11:40 Arcane Tower
11:41 Arcane Tower
11:59 Gryphon Aviary
12:01 Gryphon Aviary
12:01 Gryphon Aviary
12:05 Gryphon Aviary
12:47 Scout Tower
12:47 Scout Tower
13:49 Scout Tower
13:51 Scout Tower
13:52 Farm
13:53 Farm
14:04 Guard Tower
14:06 Scout Tower
14:07 Scout Tower
14:07 Scout Tower
14:29 Farm
19:44 Guard Tower
20:09 Guard Tower
20:09 Guard Tower
22:10 Arcane Sanctum
22:14 Arcane Sanctum
22:19 Barracks
23:12 Blacksmith
25:47 Farm
» items
| Lesser Clarity Potion | 4 | |
| Scroll of Regeneration | 6 | |
| Scroll of Town Portal | 5 | |
| Scroll of Healing | 1 | |
16 total
BEGONE-THOT (
purple | 72 APM | 2965 actions | 41:25)
7 Crypt Lord
3 Impale
3 Spiked Carapace
1 Locust Swarm
» actions
| Assign group hotkey | 110 | |
| Build / train | 83 | |
| Enter build submenu | 25 | |
| Enter hero's abilities submenu | 8 | |
| Right click | 1404 | |
| Select / deselect | 713 | |
| Select group hotkey | 451 | |
| Use ability | 171 | |
2965 total
» units
| Acolyte | 12 | |
| Ghoul | 4 | |
| Crypt Fiend | 18 | |
| Necromancer | 8 | |
| Banshee | 7 | |
| Frost Wyrm | 1 | |
50 total
» upgrades
| Unholy Strength | 1 | |
| Unholy Armor | 1 | |
| Web | 1 | |
| Necromancer Training | 2 | |
| Skeletal Longevity | 1 | |
| Skeletal Mastery | 1 | |
| Creature Attack | 1 | |
| Creature Carapace | 1 | |
| Banshee Training | 2 | |
| Freezing Breath | 1 | |
12 total
» buildings
| Altar of Darkness | 1 | |
| Ziggurat | 7 | |
| Crypt | 1 | |
| Graveyard | 1 | |
| Nerubian Tower | 2 | |
| Tomb of Relics | 1 | |
| Halls of the Dead | 1 | |
| Temple of the Damned | 2 | |
| Sacrificial Pit | 1 | |
| Black Citadel | 1 | |
| Slaughterhouse | 1 | |
| Necropolis | 1 | |
| Boneyard | 3 | |
23 total
» build order
00:11 Altar of Darkness
00:15 Ziggurat
00:38 Crypt
01:04 Graveyard
01:19 Ziggurat
01:29 Nerubian Tower
01:29 Nerubian Tower
02:22 Tomb of Relics
02:49 Ziggurat
05:10 Halls of the Dead
05:56 Ziggurat
07:13 Ziggurat
08:02 Temple of the Damned
08:04 Temple of the Damned
08:55 Ziggurat
09:22 Sacrificial Pit
10:47 Black Citadel
10:54 Ziggurat
26:03 Slaughterhouse
27:38 Necropolis
32:27 Boneyard
32:28 Boneyard
32:31 Boneyard
» items
| Potion of Healing | 1 | |
| Scroll of Town Portal | 4 | |
| Potion of Lesser Invulnerability | 1 | |
| Orb of Corruption | 1 | |
| Potion of Mana | 1 | |
| Scroll of Healing | 1 | |
9 total
Moth.Isle (
yellow | 62 APM | 2250 actions | 36:16)
6 Death Knight
3 Death Coil
2 Unholy Aura
1 Animate Dead
» actions
| Build / train | 76 | |
| Enter build submenu | 24 | |
| Enter hero's abilities submenu | 6 | |
| Remove unit from queue | 16 | |
| Right click | 1765 | |
| Select / deselect | 295 | |
| Use ability | 68 | |
2250 total
» units
| Acolyte | 6 | |
| Ghoul | 3 | |
| Crypt Fiend | 11 | |
| Frost Wyrm | 10 | |
30 total
» upgrades
| Creature Attack | 3 | |
| Creature Carapace | 2 | |
| Web | 1 | |
| Freezing Breath | 1 | |
7 total
» buildings
| Crypt | 1 | |
| Graveyard | 1 | |
| Ziggurat | 12 | |
| Altar of Darkness | 1 | |
| Nerubian Tower | 2 | |
| Halls of the Dead | 2 | |
| Black Citadel | 3 | |
| Sacrificial Pit | 1 | |
| Boneyard | 2 | |
| Tomb of Relics | 1 | |
| Necropolis | 1 | |
| Spirit Tower | 2 | |
29 total
» build order
00:04 Crypt
00:09 Graveyard
00:38 Ziggurat
00:59 Altar of Darkness
01:31 Nerubian Tower
01:31 Nerubian Tower
02:27 Halls of the Dead
02:27 Halls of the Dead
02:39 Ziggurat
04:11 Ziggurat
04:50 Black Citadel
04:51 Black Citadel
05:10 Sacrificial Pit
05:40 Ziggurat
06:58 Ziggurat
07:19 Boneyard
07:21 Boneyard
08:18 Ziggurat
08:25 Tomb of Relics
10:00 Ziggurat
29:40 Ziggurat
29:42 Ziggurat
29:43 Ziggurat
29:45 Ziggurat
29:46 Ziggurat
30:35 Necropolis
30:42 Spirit Tower
31:08 Spirit Tower
» items
| Scroll of Town Portal | 5 | |
| Potion of Healing | 2 | |
| Dust of Appearance | 2 | |
9 total
WOLFPACK (
pink | 91 APM | 6896 actions | 75:54)
7 Archmage
3 Summon Water Elemental
3 Brilliance Aura
1 Mass Teleport
6 Pandaren Brewmaster
3 Breath of Fire
3 Drunken Haze
5 Mountain King
3 Storm Bolt
2 Bash
» actions
| Assign group hotkey | 163 | |
| Basic commands | 417 | |
| Build / train | 226 | |
| ESC pressed | 11 | |
| Enter build submenu | 61 | |
| Enter hero's abilities submenu | 18 | |
| Give item / drop item | 3 | |
| Remove unit from queue | 2 | |
| Right click | 1852 | |
| Select / deselect | 1223 | |
| Select group hotkey | 2464 | |
| Use ability | 456 | |
6896 total
» units
| Peasant | 25 | |
| Footman | 6 | |
| Rifleman | 16 | |
| Sorceress | 10 | |
| Siege Engine | 5 | |
| Spell Breaker | 9 | |
| Priest | 9 | |
| Knight | 2 | |
82 total
» upgrades
| Gunpowder | 3 | |
| Masonry | 3 | |
| Long Rifles | 1 | |
| Armor | 3 | |
| Lumber Harvesting | 2 | |
| Barrage | 1 | |
| Plating | 3 | |
| Sorceress Training | 2 | |
| Priest Training | 2 | |
| Swords | 3 | |
| Animal War Training | 1 | |
| Control Magic | 1 | |
| Magic Sentry | 1 | |
26 total
» buildings
| Altar of Kings | 1 | |
| Barracks | 1 | |
| Farm | 11 | |
| Arcane Vault | 3 | |
| Blacksmith | 1 | |
| Keep | 2 | |
| Town Hall | 4 | |
| Scout Tower | 34 | |
| Arcane Tower | 3 | |
| Lumber Mill | 1 | |
| Guard Tower | 36 | |
| Castle | 2 | |
| Arcane Sanctum | 1 | |
| Workshop | 2 | |
102 total
» build order
01:07 Altar of Kings
01:09 Barracks
01:13 Farm
01:15 Farm
01:23 Farm
01:51 Arcane Vault
01:54 Arcane Vault
01:56 Farm
02:29 Blacksmith
04:12 Keep
04:12 Keep
05:13 Town Hall
05:16 Scout Tower
05:17 Scout Tower
05:18 Scout Tower
05:21 Scout Tower
05:23 Scout Tower
05:54 Arcane Tower
05:57 Lumber Mill
06:20 Farm
06:26 Farm
07:59 Guard Tower
08:00 Guard Tower
08:03 Castle
08:03 Castle
09:28 Scout Tower
10:05 Guard Tower
10:43 Scout Tower
10:46 Scout Tower
10:48 Scout Tower
11:12 Arcane Sanctum
11:42 Workshop
11:49 Guard Tower
11:49 Guard Tower
11:50 Guard Tower
11:50 Guard Tower
11:50 Guard Tower
13:13 Guard Tower
13:13 Guard Tower
13:13 Guard Tower
13:29 Scout Tower
13:30 Scout Tower
13:31 Scout Tower
14:04 Guard Tower
14:04 Guard Tower
14:21 Guard Tower
14:21 Guard Tower
14:21 Guard Tower
14:55 Farm
14:56 Farm
14:56 Farm
22:00 Farm
22:30 Farm
22:49 Scout Tower
22:51 Scout Tower
22:52 Scout Tower
30:19 Scout Tower
30:20 Scout Tower
30:20 Scout Tower
30:22 Scout Tower
30:55 Guard Tower
30:55 Guard Tower
30:59 Guard Tower
31:00 Guard Tower
35:28 Town Hall
35:30 Scout Tower
35:33 Scout Tower
35:34 Scout Tower
35:36 Scout Tower
36:06 Guard Tower
47:02 Town Hall
47:06 Scout Tower
47:38 Arcane Tower
47:42 Scout Tower
47:54 Scout Tower
48:20 Guard Tower
48:20 Guard Tower
48:48 Guard Tower
48:48 Guard Tower
48:51 Scout Tower
48:53 Scout Tower
48:57 Scout Tower
49:05 Arcane Vault
49:18 Guard Tower
49:18 Guard Tower
49:23 Guard Tower
49:23 Guard Tower
49:23 Guard Tower
54:30 Town Hall
57:52 Scout Tower
59:11 Guard Tower
59:11 Guard Tower
59:22 Scout Tower
60:58 Scout Tower
61:21 Arcane Tower
62:03 Workshop
63:09 Scout Tower
63:53 Scout Tower
» items
| Scroll of Regeneration | 12 | |
| Potion of Healing | 3 | |
| Scroll of Town Portal | 4 | |
| Potion of Lesser Invulnerability | 2 | |
| Periapt of Vitality | 3 | |
| Boots of Speed | 2 | |
| Staff of Sanctuary | 1 | |
| Orb of Fire | 2 | |
| Circlet of Nobility | 1 | |
| Scroll of Protection | 1 | |
| Mechanical Critter | 2 | |
33 total
Chat log
(00:25 / All) Heads_Will_Roll: *howls at the moon*
(00:32 / All) BEGONE-THOT: shut up SLUT
(08:40 / Allies) BEGONE-THOT: the future is big bms killing intelligence heroes
(12:29 / Allies) vinamilk: now u ping
(13:04 / All) WOLFPACK: raped
(14:18 / Allies) vinamilk: wood lease
(14:36 / Allies) WOLFPACK: hit together
(14:39 / Allies) WOLFPACK: in a sec
(17:06 / Allies) BEGONE-THOT: this sucks
(17:08 / Allies) BEGONE-THOT: bm are raping us
(17:11 / Allies) BEGONE-THOT: and nothing else
(17:13 / Allies) Moth.Isle: ^
(17:18 / Allies) WOLFPACK: not raping me
(17:24 / Allies) vinamilk: u solo
(17:26 / Allies) Moth.Isle: they don't target you
(17:27 / Allies) vinamilk: not help at all
(17:30 / Allies) WOLFPACK: they do
(17:32 / Allies) WOLFPACK: oj focuses my am all game
(17:34 / Allies) vinamilk: useless
(17:35 / Allies) WOLFPACK: but I know how to deal with it
(17:44 / Allies) BEGONE-THOT: my shades keep dying
(18:28 / All) WOLFPACK: raped
(18:39 / All) WOLFPACK: ty for all the free bats
(19:01 / Allies) BEGONE-THOT: wow he killeed myu shade on purpose
(22:49 / All) Heads_Will_Roll: orange says I suck look at him lmao
(22:59 / All) WOLFPACK: LOL
(23:03 / All) WOLFPACK: Orange you are the worst player on your team
(23:10 / All) WOLFPACK: and you have not 1 hero kill on me dspite focusing ALL game
(23:21 / All) CarryMeMore: but love the way u run
(23:32 / All) WOLFPACK: yeah when I run my am and rape your whole army?
(23:37 / All) WOLFPACK: LO>L
(23:39 / All) CarryMeMore: sure dude
(23:40 / Allies) vinamilk: tauren
(23:47 / All) WOLFPACK: I killed your bm this game
(23:51 / All) WOLFPACK: you never killed mine
(23:52 / All) WOLFPACK: pathetic
(24:02 / All) WOLFPACK: I killed your expo twice
(24:04 / All) WOLFPACK: you never mine
(24:16 / All) CarryMeMore: u still loosing this
(24:20 / All) WOLFPACK: in your dreams
(24:35 / Allies) vinamilk: ,man
(24:39 / Allies) vinamilk: all game
(24:42 / Allies) WOLFPACK: doing more than you all game
(24:43 / Allies) WOLFPACK: on my own
(24:44 / Allies) WOLFPACK: LOL
(24:48 / Allies) WOLFPACK: kill yourself
(24:55 / Allies) vinamilk: ok
(25:02 / Allies) vinamilk: u will win by urself
(25:19 / Allies) vinamilk: lol
(25:21 / Allies) vinamilk: feeder
(25:30 / Allies) BEGONE-THOT: wow kills my shades
(25:32 / Allies) WOLFPACK: didn't lose a unit
(25:54 / Allies) WOLFPACK: raped blue's army
(25:56 / Allies) WOLFPACK: what are you doing teal
(26:02 / Allies) vinamilk: ?
(26:06 / Allies) vinamilk: u stupid fuck
(26:09 / Allies) WOLFPACK: you suck
(26:19 / Allies) vinamilk: no wonder fuking we losing
(26:26 / Allies) vinamilk: u play like a bot
(26:30 / All) WOLFPACK: LOL THAT BLADESTORM
(26:32 / All) WOLFPACK: GOOD ONE ORANGE
(26:42 / Allies) WOLFPACK: so AI is better than you?
(26:58 / Allies) vinamilk: fuking dumb fuck
(27:02 / All) WOLFPACK: Teal is mad
(27:09 / All) WOLFPACK: keeps complaining I'm bad when I do more than him all game
(27:10 / Allies) BEGONE-THOT: wow
(27:13 / All) vinamilk: yeah bitch has play like a bot
(27:13 / Allies) BEGONE-THOT: killed my shade
(27:14 / All) WOLFPACK: said I play like a bot, so AI plays better than teal
(28:04 / All) WOLFPACK: lol
(29:00 / All) WOLFPACK: HAHA
(29:08 / All) WOLFPACK: teal has level 4/2 I have 6/6/5
(29:11 / All) WOLFPACK: and he calling me bad
(29:12 / Allies) vinamilk: go there and tear down a base
(29:20 / Allies) WOLFPACK: Why don't you
(29:22 / Allies) vinamilk: don;t matter
(29:28 / Allies) WOLFPACK: I killed oj's base and killed expos bout 4 times
(29:30 / Allies) WOLFPACK: you do something now pal
(29:35 / Allies) WOLFPACK: I'm sick of doing all the work
(29:38 / All) vinamilk: u are a cimt
(29:49 / All) WOLFPACK: Teal wants me to do something but he keeps saying how he's better
(29:51 / All) WOLFPACK: and doesn't need me
(30:05 / All) WOLFPACK: Think I'm gonna lay off and let teal play for a bit
(30:06 / Allies) BEGONE-THOT: i just fed
(30:08 / Allies) BEGONE-THOT: BIG TIME
(30:13 / All) WOLFPACK: killed oj's base and several expos, he can kill something now
(30:17 / All) vinamilk: told u he is a bot
(30:26 / Allies) Moth.Isle: help me at my expo till it's up pls
(30:32 / Allies) vinamilk: lol
(30:35 / Allies) vinamilk: u shit
(30:37 / Allies) vinamilk: stupid cunt
(30:42 / Allies) vinamilk: tp back home
(30:53 / Allies) WOLFPACK: was alt tabbed, talking to yourself?
(31:12 / All) WOLFPACK: Teal is a douche, if he doesn't like how I play let's see how he plays does for our team
(31:19 / All) vinamilk: lol dumn cunt
(31:24 / All) vinamilk: eat more shit
(31:29 / All) vinamilk: so dumb
(31:29 / All) CarryMeMore: stop crying pink
(31:40 / Allies) vinamilk: stay in base
(31:40 / All) WOLFPACK: why don't you teal I don't like that
(31:45 / All) WOLFPACK: if it's your idea why don't you try it?
(31:52 / All) vinamilk: u creep who map go get that level
(32:09 / All) WOLFPACK: LOL
(32:14 / All) WOLFPACK: the most oj does all game is kill an expo with 50 gold in it
(32:25 / All) CarryMeMore: u still losing
(32:42 / All) CarryMeMore: leave loser
(32:47 / All) vinamilk: well we lose because pink dumb fuck
(32:49 / Allies) Moth.Isle: ok well now I'm out of the game
(32:53 / Allies) Moth.Isle: because no one wanted to help me
(32:53 / All) Heads_Will_Roll: I'd be level 12 by now
(32:55 / All) WOLFPACK: I think teal and orange are mad
(32:57 / All) vinamilk: he just fuking watch and creep
(33:09 / All) CarryMeMore: stop crying dude
(33:09 / All) vinamilk: show me you 1 vs 1 with blue
(33:10 / All) WOLFPACK: well you didn't like all the effort I put in for our team
(33:11 / All) CarryMeMore: be a man
(33:15 / Allies) vinamilk: he has only tauren
(33:18 / All) WOLFPACK: if you're so good why aren't you killing bases right now teal
(33:25 / All) WOLFPACK: you just jer koff in your base
(33:33 / All) vinamilk: look at you
(33:34 / All) WOLFPACK: so why can't I jerk off in mine?
(33:39 / All) CarryMeMore: pink
(33:43 / All) CarryMeMore: stop crying
(33:43 / All) vinamilk: u dumb
(33:53 / All) vinamilk: go there
(33:58 / All) vinamilk: save ur expo
(34:01 / All) vinamilk: only 2 there
(34:05 / All) WOLFPACK: why would I want to save it
(34:07 / All) WOLFPACK: It had 50 gold
(34:27 / All) vinamilk: lol
(34:31 / All) vinamilk: sucker
(34:37 / All) vinamilk: don;t even kill 1 unit
(34:40 / All) wolfblade13: owned
(34:46 / All) CarryMeMore: lol pink
(34:48 / All) CarryMeMore: terrible
(34:51 / All) vinamilk: ?
(34:57 / All) vinamilk: lvl 567 ?
(34:57 / All) WOLFPACK: stop putting yourself down orange
(34:57 / Allies) Moth.Isle: all you had to do was help me 10 mins ago at the expo
(35:01 / All) vinamilk: or wtf ?
(35:03 / Allies) Moth.Isle: and we'd have killed the entire army
(35:06 / Allies) Moth.Isle: but nah
(35:08 / Allies) Moth.Isle: you do you
(35:09 / All) CarryMeMore: pink
(35:26 / All) CarryMeMore: though u were gonna win this
(35:31 / All) WOLFPACK: am
(35:31 / All) vinamilk: he did no help at all
(35:36 / All) vinamilk: keep creeping like a bot
(35:55 / All) vinamilk: look at whole map at the south
(35:56 / All) CarryMeMore: lol
(36:01 / All) vinamilk: fking CLEARED
(36:17 / All) vinamilk: die again
(36:26 / All) vinamilk: not even kill 1
(36:27 / All) CarryMeMore: run more
(36:43 / All) vinamilk: little bitch learn how to play 4 vs 4
(36:51 / Allies) BEGONE-THOT: oh
(36:51 / All) WOLFPACK: why don't you
(36:53 / Allies) BEGONE-THOT: i thought u were there
(36:55 / All) WOLFPACK: I'm doing more than you pal
(36:58 / All) vinamilk: or play with bot please
(36:58 / Allies) BEGONE-THOT: ur always gone when we commit
(37:00 / All) WOLFPACK: you're just sitting in your base watching
(37:02 / All) CarryMeMore: lol
(37:05 / All) CarryMeMore: pink
(37:07 / All) CarryMeMore: stfu plz
(37:09 / All) CarryMeMore: u down
(37:11 / All) WOLFPACK: baby back bitch
(37:11 / Allies) BEGONE-THOT: just grief ur team and lose
(37:16 / All) WOLFPACK: yeah and what did you do to put my team behind oj?
(37:22 / Allies) WOLFPACK: Teal was griefing me
(37:22 / All) BEGONE-THOT: orange beat pink
(37:24 / All) BEGONE-THOT: it was embarassing
(37:26 / Allies) WOLFPACK: he was rude and talking shit
(37:29 / Allies) WOLFPACK: I just want to have fun
(37:30 / All) CarryMeMore: I know
(37:36 / Allies) vinamilk: becuase u dumb
(37:38 / All) BEGONE-THOT: oh look pink is here
(37:41 / All) BEGONE-THOT: he will run away tho
(37:42 / Allies) vinamilk: u solo all game
(37:43 / All) BEGONE-THOT: always does
(37:46 / Allies) vinamilk: we 3 vs 4
(38:01 / All) CarryMeMore: he ran
(38:04 / All) BEGONE-THOT: waht a play!
(38:09 / All) WOLFPACK: I strategically saved my units from death son
(38:15 / All) WOLFPACK: if you knew how to do that you wouldn't lose your army to me 5 times
(38:24 / All) CarryMeMore: u strategically are an idiot
(38:36 / All) WOLFPACK: I disagree with you
(38:39 / All) BEGONE-THOT: even tactically hes only 50/50
(38:44 / All) WOLFPACK: Everyone in this game is pissed at me
(38:50 / All) WOLFPACK: well I was 80/80 but I lost some units
(38:58 / All) WOLFPACK: you don't have to get rude now too
(38:59 / All) WOLFPACK: Cunt team
(39:07 / All) BEGONE-THOT: nah u took easy wins in exchange for massive losses
(39:07 / All) CarryMeMore: get lost dude
(39:10 / All) BEGONE-THOT: u suck big time
(39:10 / All) vinamilk: look at his heros full loaded of items
(39:15 / All) WOLFPACK: I won this game fair and square
(39:16 / All) vinamilk: fuking noob
(39:18 / All) WOLFPACK: and I did more than all my allies
(39:28 / All) WOLFPACK: do you normally keep your inventories empty teal?
(39:28 / All) BEGONE-THOT: even that isnt true
(39:31 / All) BEGONE-THOT: yellow was our bulldozer
(39:35 / All) vinamilk: check his heros see how many item he got
(39:48 / All) WOLFPACK: what's the problem with that
(39:51 / All) WOLFPACK: you like itemless heroes?
(40:51 / All) BEGONE-THOT: soon he will have to run away
(40:52 / All) BEGONE-THOT: Lol
(41:07 / Allies) vinamilk: (
(47:55 / All) CarryMeMore: pink
(48:00 / All) CarryMeMore: u really that desesperate
(48:05 / All) WOLFPACK: I'm not desperate
(48:07 / All) WOLFPACK: are you?
(48:10 / All) WOLFPACK: don't try to reverse psychology me pal
(48:12 / All) CarryMeMore: u seem
(50:18 / All) WOLFPACK: GG
(50:34 / All) WOLFPACK: I earned this win
(52:19 / All) WOLFPACK: hilarious a player called carrymemore got carried this game
(52:36 / All) CarryMeMore: uhm yes.. thats like the point
(52:42 / All) CarryMeMore: brilliant
(52:48 / All) WOLFPACK: oh you know you're that bad and it's not ironic?
(52:58 / All) CarryMeMore: why is it
(53:03 / All) CarryMeMore: its hte point of the name
(53:06 / All) CarryMeMore: retard
(53:10 / All) WOLFPACK: didn't think you were that hard on yourself for being so bad
(53:18 / All) WOLFPACK: I thought it was a joke
(53:22 / All) CarryMeMore: its just a game
(53:23 / All) Bluntman54: welp
(53:27 / All) CarryMeMore: but apparently makes u mad
(53:38 / All) WOLFPACK: not really, thought it was funny
(53:56 / All) CarryMeMore: u seemed mad fighting with ur team
(54:03 / All) CarryMeMore: its like no one likes you
(54:03 / All) WOLFPACK: I was making fun of teal
(54:08 / All) CarryMeMore: how are things at home bro?
(54:13 / All) WOLFPACK: yeah but no one liking me makes this game hilarious
(54:14 / All) CarryMeMore: u ok?
(54:25 / All) CarryMeMore: momy hates u as well?
(54:36 / All) CarryMeMore: well u are kinda trash
(58:02 / All) WOLFPACK: gg
(58:36 / All) wolfblade13: sad that this is the only way you can win
(58:51 / All) CarryMeMore: its more sad that no one likes him
(58:53 / All) WOLFPACK: I bet I coulda won legit 1v4 if I hadn't started holding back
(58:55 / All) WOLFPACK: and sitting in my base
(59:17 / All) WOLFPACK: nice try
(59:31 / All) Heads_Will_Roll: Gonna have to make some pults to smoke this faggoto ut
(59:37 / All) WOLFPACK: where at
(64:59 / All) Heads_Will_Roll: Like Icarus, he flew too close to the sun
(65:11 / All) wolfblade13: tking ur ass every game I am with you
(65:18 / All) WOLFPACK: you wish
(65:19 / All) Heads_Will_Roll: Fuck you, solo player
(65:20 / All) wolfblade13: hate this pricks that have friends on other team
(65:32 / All) WOLFPACK: love the show
(65:34 / All) WOLFPACK: Nice pults green
(65:35 / All) Heads_Will_Roll: You cost yourself this game by not cooperating with my commands
(65:41 / All) wolfblade13: like you could beat me 1 vs 1 you fucking blow
(65:42 / All) WOLFPACK: Green was the only good player on your team
(65:48 / All) WOLFPACK: wow calm down blue
(66:00 / All) Heads_Will_Roll: a guy with a username like "wolfblade" is guaranteed to suck and be a faggot and suck cocks
(66:15 / All) WOLFPACK: thought you were oj meaning me for a sec
(66:17 / All) WOLFPACK: and read my name wrong
(66:30 / All) Heads_Will_Roll: No, WOLFPACK is a cool name
(66:33 / All) Heads_Will_Roll: LIKE NWO WOLFPAC
(66:37 / All) WOLFPACK: lalw
(66:41 / All) Heads_Will_Roll: TOO SWEET
(68:04 / All) WOLFPACK: brb 5 mins
(69:05 / All) Heads_Will_Roll: for some reason I never could get them to attack teal
(71:04 / All) Heads_Will_Roll: you there?